| TOP OF THE 1ST |
|
San Francisco (APP) Giants batting - Pitching for San Diego (APP) Padres : RHP Liam Tate
|
|
Pitching: RHP Liam Tate
|
|
|
Batting: RHB Coen Dirks
|
0-0: Foul Ball, location: 2F 0-1: Swinging Strike 0-2: Ball 1-2: Strikes out swinging
|
|
Batting: RHB Vinny Torres
|
0-0: Called Strike 0-1: SINGLE (Line Drive, 9S, EV 100.0 MPH)
|
|
Batting: RHB Tsugio Yamaguchi
|
Pickoff Throw to First - Out! 1-3 0-0: Called Strike 0-1: Foul Ball, location: 2F 0-2: Fly out, F8 (Flyball, 78XD, EV 98.1 MPH)
|
| Top of the 1st over - 0 runs, 1 hit, 0 errors, 0 left on base; San Francisco (APP) 0 - San Diego (APP) 0 |
| BOTTOM OF THE 1ST |
|
San Diego (APP) Padres batting - Pitching for San Francisco (APP) Giants : RHP Pablo Mejia
|
|
Pitching: RHP Pablo Mejia
|
|
|
Batting: RHB Adrian Cook
|
0-0: Swinging Strike 0-1: Ball 1-1: Foul Ball, location: 2F 1-2: SINGLE (Flyball, 89S, EV 91.9 MPH)
|
|
Batting: RHB Norinaga Yamakawakamatsu
|
0-0: Called Strike 0-1: Ball 1-1: Foul Ball, location: 2F 1-2: Fly out, F8 (Flyball, 78M, EV 85.6 MPH)
|
|
Batting: RHB Brian Klinkner
|
0-0: Called Strike Adrian Cook steals 2nd base 0-1: Fly out, F7 (Flyball, 7S, EV 80.0 MPH)
|
|
Batting: RHB Eric McMillian
|
0-0: Called Strike 0-1: Ball 1-1: Ball 2-1: Foul Ball, location: 2F 2-2: Ground out 4-3 (Groundball, 4M, EV 80.6 MPH)
|
| Bottom of the 1st over - 0 runs, 1 hit, 0 errors, 1 left on base; San Francisco (APP) 0 - San Diego (APP) 0 |
| TOP OF THE 2ND |
|
San Francisco (APP) Giants batting - Pitching for San Diego (APP) Padres : RHP Liam Tate
|
|
Batting: RHB Zach Maguire
|
0-0: Foul Ball, location: 2F 0-1: Fly out, F7 (Line Drive, 7S, EV 90.0 MPH)
|
|
Batting: RHB Jaime Rios
|
0-0: Called Strike 0-1: Fly out, F8 (Flyball, 89M, EV 83.8 MPH)
|
|
Batting: LHB Kuan Hsia
|
0-0: Ball 1-0: Called Strike 1-1: Ball 2-1: Swinging Strike 2-2: Strikes out swinging
|
| Top of the 2nd over - 0 runs, 0 hits, 0 errors, 0 left on base; San Francisco (APP) 0 - San Diego (APP) 0 |
| BOTTOM OF THE 2ND |
|
San Diego (APP) Padres batting - Pitching for San Francisco (APP) Giants : RHP Pablo Mejia
|
|
Batting: RHB Phil McFadden
|
0-0: Ball 1-0: Ball 2-0: Foul Ball, location: 2F 2-1: Fly out, F7 (Flyball, 78S, EV 86.2 MPH)
|
|
Batting: RHB Ed Oake
|
0-0: Ball 1-0: Ball 2-0: Called Strike 2-1: Foul Ball, location: 2F 2-2: Ball 3-2: Base on Balls
|
|
Batting: RHB Max Stillo
|
0-0: Ball 1-0: Ball 2-0: 2-RUN HOME RUN (Flyball, 7D, EV 97.5 MPH), Distance : 370 ft
|
|
Batting: LHB Gary Corrales
|
0-0: Called Strike 0-1: SINGLE (Flyball, 78S, EV 89.4 MPH)
|
|
Batting: RHB Antonio Martinez
|
0-0: Fielders Choice at 2nd, 3-6 (Groundball, 34S, EV 85.0 MPH)
|
|
Batting: RHB Adrian Cook
|
0-0: Foul Ball, location: 2F 0-1: SINGLE (Groundball, 6MD, EV 98.1 MPH) Antonio Martinez to second Runner from 2nd tries for 3rd, OUT! 8-5
|
| Bottom of the 2nd over - 2 runs, 3 hits, 0 errors, 1 left on base; San Francisco (APP) 0 - San Diego (APP) 2 |
| TOP OF THE 3RD |
|
San Francisco (APP) Giants batting - Pitching for San Diego (APP) Padres : RHP Liam Tate
|
|
Batting: RHB Alex Peguero
|
0-0: Called Strike 0-1: Called Strike 0-2: Foul Ball, location: 2F 0-2: Ball 1-2: Hit by Pitch
|
|
Batting: LHB Dennis Jones
|
0-0: Ball 1-0: Called Strike 1-1: Ball 2-1: Called Strike 2-2: Foul Ball, location: 2F 2-2: Foul Ball, location: 2F 2-2: Ball 3-2: Foul Ball, location: 2F 3-2: Base on Balls Alex Peguero to second
|
|
Batting: RHB Noe Oliva
|
0-0: Ball 1-0: Foul Ball, location: 2F 1-1: Swinging Strike 1-2: Foul Ball, location: 2F 1-2: SINGLE (Groundball, 6MD, EV 106.9 MPH) Alex Peguero to third Dennis Jones to second
|
|
Batting: RHB Coen Dirks
|
0-0: Called Strike 0-1: Ball 1-1: Foul Ball, location: 2F 1-2: Ball 2-2: Foul Ball, location: 2F 2-2: Foul Ball, location: 2F 2-2: Foul Ball, location: 2F 2-2: Ball 3-2: Foul Ball, location: 2F 3-2: Fly out, F7 (Flyball, 7, EV 90.0 MPH)
|
|
Batting: RHB Vinny Torres
|
0-0: Ball 1-0: Ball 2-0: Foul Ball, location: 2F 2-1: Ball 3-1: Base on Balls Alex Peguero scores Dennis Jones to third Noe Oliva to second
|
|
Batting: RHB Tsugio Yamaguchi
|
0-0: Ball 1-0: Swinging Strike 1-1: SINGLE (Flyball, 56D, EV 85.6 MPH) Dennis Jones scores Noe Oliva to third Vinny Torres to second
|
|
Batting: RHB Zach Maguire
|
0-0: Ball 1-0: Foul Ball, location: 2F 1-1: Fly out, F8 (Line Drive, 8RM, EV 92.5 MPH)
|
|
Batting: RHB Jaime Rios
|
0-0: Ball 1-0: Swinging Strike 1-1: Called Strike 1-2: Strikes out looking
|
| Top of the 3rd over - 2 runs, 2 hits, 0 errors, 3 left on base; San Francisco (APP) 2 - San Diego (APP) 2 |
| BOTTOM OF THE 3RD |
|
San Diego (APP) Padres batting - Pitching for San Francisco (APP) Giants : RHP Pablo Mejia
|
|
Batting: RHB Norinaga Yamakawakamatsu
|
0-0: Ball 1-0: Ball 2-0: Ground out 3-1 (Groundball, 34S, EV 86.2 MPH)
|
|
Batting: RHB Brian Klinkner
|
0-0: Called Strike 0-1: Foul Ball, location: 2F 0-2: Ball 1-2: SINGLE (Groundball, 56D, EV 100.6 MPH)
|
|
Batting: RHB Eric McMillian
|
0-0: Fly out, F9 (Flyball, 9, EV 94.4 MPH)
|
|
Batting: RHB Phil McFadden
|
0-0: Ball 1-0: Foul Ball, location: 2F 1-1: Ball 2-1: Ball 3-1: Foul Ball, location: 2F 3-2: Base on Balls Brian Klinkner to second
|
|
Batting: RHB Ed Oake
|
0-0: Swinging Strike 0-1: Ball 1-1: Called Strike 1-2: Ball 2-2: Ball 3-2: Base on Balls Brian Klinkner to third Phil McFadden to second
|
|
Batting: RHB Max Stillo
|
0-0: Fly out, F7 (Flyball, 7D, EV 98.1 MPH)
|
| Bottom of the 3rd over - 0 runs, 1 hit, 0 errors, 3 left on base; San Francisco (APP) 2 - San Diego (APP) 2 |
| TOP OF THE 4TH |
|
San Francisco (APP) Giants batting - Pitching for San Diego (APP) Padres : RHP Liam Tate
|
|
Batting: LHB Kuan Hsia
|
0-0: Ball 1-0: Called Strike 1-1: Swinging Strike 1-2: Strikes out swinging
|
|
Batting: RHB Alex Peguero
|
0-0: Ball 1-0: Ball 2-0: Called Strike 2-1: Foul Ball, location: 2F 2-2: Strikes out swinging
|
|
Batting: LHB Dennis Jones
|
0-0: Ball 1-0: Called Strike 1-1: Foul Ball, location: 2F 1-2: Strikes out swinging
|
| Top of the 4th over - 0 runs, 0 hits, 0 errors, 0 left on base; San Francisco (APP) 2 - San Diego (APP) 2 |
| BOTTOM OF THE 4TH |
|
San Diego (APP) Padres batting - Pitching for San Francisco (APP) Giants : RHP Pablo Mejia
|
|
Batting: LHB Gary Corrales
|
0-0: Ball 1-0: Ground out U3 (Groundball, 3L, EV 84.4 MPH)
|
|
Batting: RHB Antonio Martinez
|
0-0: Ball 1-0: Ball 2-0: Foul Ball, location: 2F 2-1: Ball 3-1: Foul Ball, location: 2F 3-2: SINGLE (Groundball, 34D, EV 94.4 MPH)
|
|
Batting: RHB Adrian Cook
|
0-0: Ball 1-0: Ball 2-0: Foul Ball, location: 2F 2-1: Called Strike Antonio Martinez steals 2nd base 2-2: DOUBLE (Line Drive, 7LD, EV 105.0 MPH) Antonio Martinez scores
|
|
Pitching: RHP Josh Henderson
|
|
|
Batting: RHB Norinaga Yamakawakamatsu
|
0-0: Ball 1-0: Ball 2-0: Called Strike 2-1: Ball 3-1: Base on Balls
|
|
Batting: RHB Brian Klinkner
|
0-0: Ball 1-0: Ball 2-0: Ball 3-0: Called Strike 3-1: Base on Balls Adrian Cook to third Norinaga Yamakawakamatsu to second
|
|
Batting: RHB Eric McMillian
|
0-0: Foul Ball, location: 2F 0-1: Grounds into double play, 4-6-3 (Groundball, 4M, EV 105.6 MPH)
|
| Bottom of the 4th over - 1 run, 2 hits, 0 errors, 2 left on base; San Francisco (APP) 2 - San Diego (APP) 3 |
| TOP OF THE 5TH |
|
San Francisco (APP) Giants batting - Pitching for San Diego (APP) Padres : RHP Liam Tate
|
|
Batting: RHB Noe Oliva
|
0-0: Ball 1-0: Ball 2-0: Called Strike 2-1: Swinging Strike 2-2: Strikes out swinging
|
|
Batting: RHB Coen Dirks
|
0-0: DOUBLE (Flyball, 7LD, EV 113.8 MPH)
|
|
Batting: RHB Vinny Torres
|
0-0: Called Strike 0-1: Called Strike 0-2: Ball 1-2: DOUBLE (Flyball, 78XD, EV 93.8 MPH) Coen Dirks scores
|
|
Pitching: RHP Tim Devine
|
|
|
Batting: RHB Tsugio Yamaguchi
|
0-0: Ball 1-0: Called Strike 1-1: Foul Ball, location: 2F 1-2: DOUBLE (Line Drive, 3D, EV 104.4 MPH) Vinny Torres scores
|
|
Batting: RHB Zach Maguire
|
0-0: Ball Tsugio Yamaguchi steals 3rd base 1-0: Ball 2-0: Ball Wild Pitch! Tsugio Yamaguchi scores 3-0: Called Strike 3-1: Foul Ball, location: 2F 3-2: SINGLE (Line Drive, 8LS, EV 105.6 MPH)
|
|
Batting: RHB Jaime Rios
|
0-0: Ball 1-0: Fly out, F8 (Flyball, 89M, EV 95.0 MPH)
|
|
Batting: LHB Kuan Hsia
|
0-0: Ball 1-0: Foul Ball, location: 2F 1-1: Ball 2-1: Foul Ball, location: 2F 2-2: Ground out 4-3 (Groundball, 4, EV 76.9 MPH)
|
| Top of the 5th over - 3 runs, 4 hits, 0 errors, 1 left on base; San Francisco (APP) 5 - San Diego (APP) 3 |
| BOTTOM OF THE 5TH |
|
San Diego (APP) Padres batting - Pitching for San Francisco (APP) Giants : RHP Josh Henderson
|
|
Batting: RHB Phil McFadden
|
0-0: Called Strike 0-1: Foul Ball, location: 2F 0-2: Foul Ball, location: 2F 0-2: Strikes out looking
|
|
Batting: RHB Ed Oake
|
0-0: Ball 1-0: Called Strike 1-1: Fly out, F9 (Flyball, 9S, EV 88.1 MPH)
|
|
Batting: RHB Max Stillo
|
0-0: Ball 1-0: Swinging Strike 1-1: Called Strike 1-2: Strikes out swinging
|
| Bottom of the 5th over - 0 runs, 0 hits, 0 errors, 0 left on base; San Francisco (APP) 5 - San Diego (APP) 3 |
| TOP OF THE 6TH |
|
San Francisco (APP) Giants batting - Pitching for San Diego (APP) Padres : RHP Tim Devine
|
|
Batting: RHB Alex Peguero
|
0-0: Ball 1-0: Swinging Strike 1-1: Ball 2-1: Foul Ball, location: 2F 2-2: Ball 3-2: SINGLE (Groundball, 56D, EV 105.6 MPH)
|
|
Batting: LHB Dennis Jones
|
0-0: Foul Ball, location: 2F 0-1: Foul Ball, location: 2F 0-2: Strikes out swinging
|
|
Batting: RHB Noe Oliva
|
0-0: Foul Ball, location: 2F 0-1: Foul Ball, location: 2F 0-2: Foul Ball, location: 2F 0-2: Ball 1-2: Ball 2-2: Strikes out swinging
|
|
Batting: RHB Coen Dirks
|
0-0: Ball 1-0: Ball 2-0: SINGLE (Groundball, 6M, EV 100.6 MPH) Alex Peguero to second
|
|
Batting: RHB Vinny Torres
|
0-0: SINGLE (Groundball, 6MD, EV 96.2 MPH) Alex Peguero to third Coen Dirks to second Runner from 3rd tries for Home, throw by CF and OUT! 8-2
|
| Top of the 6th over - 0 runs, 3 hits, 0 errors, 2 left on base; San Francisco (APP) 5 - San Diego (APP) 3 |
| BOTTOM OF THE 6TH |
|
San Diego (APP) Padres batting - Pitching for San Francisco (APP) Giants : RHP Josh Henderson
|
|
Batting: LHB Gary Corrales
|
0-0: Called Strike 0-1: Ball 1-1: SOLO HOME RUN (Flyball, 89XD, EV 109.4 MPH), Distance : 423 ft
|
|
Batting: RHB Antonio Martinez
|
0-0: Ball 1-0: Foul Ball, location: 2F 1-1: Swinging Strike 1-2: Ball 2-2: Strikes out swinging
|
|
Pitching: RHP Danny Estrada
|
|
|
Batting: RHB Adrian Cook
|
0-0: Called Strike 0-1: Swinging Strike 0-2: Foul Ball, location: 2F 0-2: Foul Ball, location: 2F 0-2: Strikes out swinging
|
|
Batting: RHB Norinaga Yamakawakamatsu
|
0-0: Called Strike 0-1: Fly out, F8 (Flyball, 8LD, EV 89.4 MPH)
|
| Bottom of the 6th over - 1 run, 1 hit, 0 errors, 0 left on base; San Francisco (APP) 5 - San Diego (APP) 4 |
| TOP OF THE 7TH |
|
San Francisco (APP) Giants batting - Pitching for San Diego (APP) Padres : RHP Tim Devine
|
|
Batting: RHB Tsugio Yamaguchi
|
0-0: Called Strike 0-1: Swinging Strike 0-2: Strikes out swinging
|
|
Batting: RHB Zach Maguire
|
0-0: Hit by Pitch
|
|
Batting: RHB Jaime Rios
|
0-0: Ball 1-0: Called Strike 1-1: Foul Ball, location: 2F 1-2: Ball 2-2: DOUBLE (Groundball, 5L, EV 111.2 MPH) Zach Maguire to third
|
|
Pitching: LHP Jay Bowen
|
|
|
Batting: LHB Kuan Hsia
|
0-0: Called Strike 0-1: Ground out 5-3 (Groundball, 56S, EV 88.1 MPH)
|
|
Pitching: LHP Adelino Burns
|
|
|
Batting: RHB Alex Peguero
|
0-0: Ball 1-0: 3-RUN HOME RUN (Flyball, 78XD, EV 102.5 MPH), Distance : 420 ft
|
|
Batting: LHB Dennis Jones
|
0-0: Ball 1-0: Swinging Strike 1-1: Swinging Strike 1-2: Ball 2-2: Strikes out looking
|
| Top of the 7th over - 3 runs, 2 hits, 0 errors, 0 left on base; San Francisco (APP) 8 - San Diego (APP) 4 |
| BOTTOM OF THE 7TH |
|
San Diego (APP) Padres batting - Pitching for San Francisco (APP) Giants : RHP Danny Estrada
|
|
Batting: RHB Brian Klinkner
|
0-0: Called Strike 0-1: Ball 1-1: Foul Ball, location: 2F 1-2: Fly out, F9 (Flyball, 89S, EV 90.6 MPH)
|
|
Batting: RHB Eric McMillian
|
0-0: TRIPLE (Line Drive, 89XD, EV 107.5 MPH)
|
|
Batting: RHB Phil McFadden
|
0-0: Swinging Strike 0-1: Ball 1-1: Swinging Strike 1-2: Ball 2-2: Ball 3-2: Base on Balls
|
|
Batting: RHB Ed Oake
|
0-0: Called Strike 0-1: Ball 1-1: Ball 2-1: Foul Ball, location: 2F 2-2: Strikes out looking
|
|
Pitching: RHP Kip Connolly
|
|
|
Batting: RHB Max Stillo
|
0-0: Ball Wild Pitch! Eric McMillian scores Phil McFadden to second 1-0: Foul Ball, location: 2F 1-1: Foul Ball, location: 2F 1-2: Ground out 6-3 (Groundball, 56, EV 96.2 MPH)
|
| Bottom of the 7th over - 1 run, 1 hit, 0 errors, 1 left on base; San Francisco (APP) 8 - San Diego (APP) 5 |
| TOP OF THE 8TH |
|
San Francisco (APP) Giants batting - Pitching for San Diego (APP) Padres : LHP Adelino Burns
|
|
Batting: RHB Noe Oliva
|
0-0: Ball 1-0: Ball 2-0: Ball 3-0: Called Strike 3-1: Base on Balls
|
|
Batting: RHB Coen Dirks
|
0-0: Ball 1-0: Ball 2-0: Bunted foul 2-1: Ball 3-1: Sac Bunt to 13S - play at first, batter OUT! 1-3 Noe Oliva to second
|
|
Batting: RHB Vinny Torres
|
0-0: Fly out, F9 (Flyball, 9, EV 90.6 MPH) Runner from 2nd tags up, SAFE at 3rd with throw by RF
|
|
Pitching: RHP Kendrick Quinton
|
|
|
Batting: RHB Tsugio Yamaguchi
|
0-0: SINGLE (Groundball, 4MD, EV 103.1 MPH) (infield hit) Noe Oliva scores
|
|
Batting: RHB Zach Maguire
|
0-0: Foul Ball, location: 2F 0-1: Ball Wild Pitch! Tsugio Yamaguchi to second 1-1: Ball 2-1: Ball 3-1: Base on Balls
|
|
Batting: RHB Jaime Rios
|
0-0: Ball 1-0: Ball 2-0: Called Strike 2-1: Foul Ball, location: 2F 2-2: Foul Ball, location: 2F 2-2: TRIPLE (Flyball, 9LD, EV 99.4 MPH) Tsugio Yamaguchi scores Zach Maguire scores
|
|
Batting: LHB Kuan Hsia
|
0-0: Ball 1-0: Called Strike 1-1: Ball 2-1: Foul Ball, location: 2F 2-2: Ball 3-2: 2-RUN HOME RUN (Flyball, 89XD, EV 103.8 MPH), Distance : 409 ft
|
|
Pitching: RHP Danny Araiza
|
|
|
Pinch Hitting: RHB Adrian Franz
|
0-0: Foul Ball, location: 2F 0-1: Ball 1-1: Reached via error on a dropped throw from 3B, E3 (Groundball, 5L, EV 82.5 MPH)
|
|
Batting: LHB Dennis Jones
|
0-0: Hit by Pitch Adrian Franz to second
|
|
Pinch Hitting: RHB Rúbem Trancoso
|
0-0: Foul Ball, location: 2F 0-1: Called Strike 0-2: Foul Ball, location: 2F 0-2: Ball Wild Pitch! Adrian Franz to third Dennis Jones to second 1-2: Ball 2-2: Strikes out swinging
|
| Top of the 8th over - 5 runs, 3 hits, 1 error, 2 left on base; San Francisco (APP) 13 - San Diego (APP) 5 |
| BOTTOM OF THE 8TH |
|
San Diego (APP) Padres batting - Pitching for San Francisco (APP) Giants : RHP Kip Connolly
|
|
Pitching: LHP Jason Haas
|
|
|
Now at 3B: Adrian Franz
|
|
|
Now in LF: Rúbem Trancoso
|
|
|
Now in CF: Vinny Torres
|
|
|
Batting: LHB Gary Corrales
|
0-0: Foul Ball, location: 2F 0-1: Ball 1-1: Ball 2-1: Ball 3-1: Foul Ball, location: 2F 3-2: Base on Balls
|
|
Batting: RHB Antonio Martinez
|
0-0: Swinging Strike 0-1: Fielders Choice at 2nd, 4-6 (Groundball, 4, EV 104.4 MPH)
|
|
Pinch Hitting: RHB Ricardo Ortiz
|
0-0: Ball 1-0: Foul Ball, location: 2F 1-1: Reached on error, E5 (Groundball, 56, EV 82.5 MPH) Antonio Martinez to second
|
|
Batting: RHB Norinaga Yamakawakamatsu
|
0-0: Ball 1-0: Foul Ball, location: 2F 1-1: Ball 2-1: Ball 3-1: Base on Balls Antonio Martinez to third Ricardo Ortiz to second
|
|
Batting: RHB Brian Klinkner
|
0-0: Ball 1-0: Called Strike 1-1: Grounds into double play, 4-6-3 (Groundball, 4, EV 100.0 MPH)
|
| Bottom of the 8th over - 0 runs, 0 hits, 1 error, 2 left on base; San Francisco (APP) 13 - San Diego (APP) 5 |
| TOP OF THE 9TH |
|
San Francisco (APP) Giants batting - Pitching for San Diego (APP) Padres : RHP Danny Araiza
|
|
Now at 1B: Ricardo Ortiz
|
|
|
Batting: RHB Coen Dirks
|
0-0: Ball 1-0: Foul Ball, location: 2F 1-1: Called Strike 1-2: Ball 2-2: SINGLE (Groundball, 56S, EV 74.4 MPH) (infield hit)
|
|
Batting: RHB Vinny Torres
|
0-0: Ball 1-0: Called Strike 1-1: Ball Coen Dirks steals 2nd base 2-1: Swinging Strike 2-2: Strikes out looking
|
|
Batting: RHB Tsugio Yamaguchi
|
0-0: Ball 1-0: 2-RUN HOME RUN (Flyball, 7D, EV 98.8 MPH), Distance : 376 ft
|
|
Batting: RHB Zach Maguire
|
0-0: Fly out, F6 (Popup, 6M, EV 49.4 MPH)
|
|
Batting: RHB Jaime Rios
|
0-0: Called Strike 0-1: Swinging Strike 0-2: Foul Ball, location: 2F 0-2: Ball 1-2: Foul Ball, location: 2F 1-2: Strikes out looking
|
| Top of the 9th over - 2 runs, 2 hits, 0 errors, 0 left on base; San Francisco (APP) 15 - San Diego (APP) 5 |
| BOTTOM OF THE 9TH |
|
San Diego (APP) Padres batting - Pitching for San Francisco (APP) Giants : LHP Jason Haas
|
|
Batting: RHB Eric McMillian
|
0-0: Ball 1-0: Foul Ball, location: 2F 1-1: Foul Ball, location: 2F 1-2: Ball 2-2: SINGLE (Line Drive, 56D, EV 96.9 MPH)
|
|
Batting: RHB Phil McFadden
|
0-0: Ball 1-0: Called Strike 1-1: Called Strike 1-2: Fielders Choice at 2nd, 3-6 (Groundball, 34, EV 80.0 MPH)
|
|
Batting: RHB Ed Oake
|
0-0: Ground out 4-3 (Groundball, 4MS, EV 74.4 MPH) Phil McFadden to second
|
|
Pitching: RHP Antonio Torres
|
|
|
Batting: RHB Max Stillo
|
0-0: Called Strike 0-1: Called Strike 0-2: Ball 1-2: Foul Ball, location: 2F 1-2: Foul Ball, location: 2F 1-2: Foul Ball, location: 2F 1-2: Ground out 4-3 (Groundball, 4, EV 90.0 MPH)
|
| Bottom of the 9th over - 0 runs, 1 hit, 0 errors, 1 left on base; San Francisco (APP) 15 - San Diego (APP) 5 |
|